 Dungeon Crawl Stone Soup version 0.18.1-48-g4cf74bf (webtiles) character file.

95 HeyBub the Sneak (level 4, -1/30 HPs)
             Began as a Human Enchanter on Aug 22, 2016.
             Slain by a gnoll
             ... wielding a +0 halberd
              (12 damage)
             ... on level 2 of the Dungeon.
             The game lasted 00:07:31 (1217 turns).

HeyBub the Sneak (Human Enchanter)                  Turns: 1217, Time: 00:07:32

Health: -1/30      AC:  3    Str:  9    XL:     4   Next: 95%
Magic:  0/7        EV: 13    Int: 15    God:
Gold:   102        SH:  0    Dex: 14    Spells: 3 memorised, 1 level left

rFire  . . .     SeeInvis .     e - +0 short sword (drain)
rCold  . . .     Gourm    .     b - +1 robe
rNeg   . . .     Faith    .     (no shield)
rPois  .         Spirit   .     (no helmet)
rElec  .         Dismiss  .     (no cloak)
rCorr  .         Reflect  .     (no gloves)
SustAt .         Harm     .     (no boots)
MR     .....                    (no amulet)
Stlth  ++........               (no ring)
                                (no ring)

@: not resistant to hostile enchantments, unstealthy
A: no striking features
a: no special abilities


You were on level 2 of the Dungeon.
You were hungry.

You visited 1 branch of the dungeon, and saw 2 of its levels.

You collected 102 gold pieces.

Inventory:

Hand Weapons
 a - a +1 dagger
 e - a +0 short sword of draining (weapon)
Armour
 b - a +1 robe (worn)
Scrolls
 f - 5 scrolls of identify
 h - 3 scrolls of remove curse {unknown}
 i - a scroll of random uselessness {unknown}
 m - 2 scrolls of enchant weapon {unknown}
 p - a scroll of recharging {unknown}
Potions
 g - 2 potions of curing
 j - a potion of experience {unknown}
 l - a potion of cancellation {unknown}
 n - a potion of heal wounds {unknown}
 o - a potion of magic {unknown}
Books
 c - a book of Maledictions

   Spells                             Type                      Level
   a - Corona                         Hexes                        1
   b - Ensorcelled Hibernation        Hexes/Ice                    2
   c - Confuse                        Hexes                        3
   d - Tukima's Dance                 Hexes                        3
   e - Dazzling Spray                 Conjuration/Hexes            3
Comestibles
 d - a bread ration
 k - 2 chunks of flesh


   Skills:
 + Level 0.2 Fighting
 + Level 1.6 Short Blades
 + Level 2.8 Dodging
 + Level 3.7 Stealth
 + Level 2.4 Spellcasting
 + Level 3.6 Hexes
 + Level 0.2 Ice Magic


You had one spell level left.
You knew the following spells:

 Your Spells              Type           Power        Failure   Level  Hunger
a - Corona                Hex            ##.....      6%          1    #......
b - Ensorcelled Hibernat  Hex/Ice        #.....       14%         2    ###....
c - Confuse               Hex            ##......     17%         3    ###....


Dungeon Overview and Level Annotations

Branches:
Dungeon (2/15)

Altars:
Yredelemnul


Message History

You hit the giant gecko but do no damage.
The giant gecko closely misses you. The gnoll barely misses you.
The giant gecko barely misses you.
You closely miss the giant gecko.
The gnoll hits you from afar with a halberd.
The giant gecko misses you.
You hit the giant gecko. You drain the giant gecko!
You kill the giant gecko!
The gnoll hits you from afar with a halberd!
Casting: Ensorcelled Hibernation
Confirm with . or Enter, or press ? or * to list all spells.
You don't have enough magic to cast that spell.
Casting: Ensorcelled Hibernation
Confirm with . or Enter, or press ? or * to list all spells.
Aiming: Corona
Press: ? - help, Shift-Dir - straight line, f - gnoll
Aim: a gnoll, wielding a halberd (chance to defeat MR: 57%)
The gnoll is outlined in light.
The gnoll closely misses you. The gnoll hits you with a halberd!
You die...

###.#.## .......
...g. .... # #..
#.##.###.#
#........#
####g##### #@# #.#
#.# ##.##
#...#######.....
#.#............# #
#.(..###.###...##.
####.# ...... #.#
#...#


You could see a gnoll.

Vanquished Creatures
  Ijyb (D:2)
  2 gnolls (D:2)
  An adder (D:2)
  3 worms (D:2)
  A giant gecko (D:2)
  A giant cockroach (D:1)
  3 goblins
  2 hobgoblins
  2 jackals (D:1)
  6 bats
  6 giant newts
  4 kobolds (D:1)
  5 rats (D:1)
37 creatures vanquished.

Notes
Turn   | Place    | Note
--------------------------------------------------------------
     0 | D:1      | HeyBub the Human Enchanter began the quest for the Orb.
     0 | D:1      | Reached XP level 1. HP: 13/13 MP: 3/3
   370 | D:1      | Reached XP level 2. HP: 15/19 MP: 3/5
   853 | D:1      | Reached XP level 3. HP: 22/24 MP: 4/6
   943 | D:1      | Learned a level 2 spell: Ensorcelled Hibernation
   947 | D:1      | Learned a level 3 spell: Confuse
   956 | D:2      | Found a basalt altar of Yredelemnul.
  1017 | D:2      | Noticed Ijyb
  1023 | D:2      | Killed Ijyb
  1023 | D:2      | Reached XP level 4. HP: 30/30 MP: 4/7
  1217 | D:2      | Slain by a gnoll

Action                   |  1- 3 |  4- 6 || total
-------------------------+-------+-------++-------
Melee: Short sword       |    58 |    32 ||    90
       Dagger            |    13 |       ||    13
 Cast: Corona            |    14 |     2 ||    16
       Ensorcelled Hiber |     3 |     3 ||     6
       Confuse           |       |     3 ||     3
  Use: Scroll            |     1 |       ||     1
 Stab: Sleeping          |     5 |     3 ||     8
  Eat: Pizza             |       |     1 ||     1
Armor: Robe              |    28 |     6 ||    34
Dodge: Dodged            |    59 |    28 ||    87
